 Dungeon Crawl Stone Soup version 0.29-a0-887-gcbe080d7e0 (webtiles) character file.

Game seed: 10834740788214315297

60 jimonade the Magician (level 4, -1/32 HPs)
             Began as a Gnoll Hedge Wizard on July 21, 2022.
             Slain by an iguana (11 damage)
             ... on level 3 of the Dungeon.
             The game lasted 00:02:41 (2264 turns).

jimonade the Magician (Gnoll Hedge Wizard)          Turns: 2264, Time: 00:02:42

Health: -1/32      AC:  3    Str: 11    XL:     4   Next: 4%
Magic:  13/13      EV: 13    Int: 13    God:
Gold:   113        SH:  0    Dex: 12    Spells: 14/17 levels left

rFire   . . .      SeeInvis .   a - +0 short sword (elec)
rCold   . . .      Faith    .   (no shield)
rNeg    . . .      Spirit   .   b - +0 robe
rPois   .          Reflect  .   c - +0 hat
rElec   .          Harm     .   (no cloak)
rCorr   .          Rampage  .   h - +0 pair of gloves
Will    .....                   (no boots)
Stlth   ++........              (no amulet)
HPRegen 0.10/turn               (no ring)
MPRegen 0.13/turn               (no ring)

@: no status effects
A: fangs 1, strong nose, distributed training
a: no special abilities


You were on level 3 of the Dungeon.
You visited 1 branch of the dungeon, and saw 3 of its levels.

You collected 113 gold pieces.

Inventory:

Hand Weapons
 a - a +0 short sword of electrocution (weapon)
 g - a +0 dagger
 s - a +0 sling
Missiles
 m - 2 throwing nets
 n - 5 poisoned darts
 q - 7 stones
Armour
 b - a +0 robe (worn)
 c - a +0 hat (worn)
 h - a +0 pair of gloves (worn)
 l - a +0 leather armour
 r - a +0 chain mail
Scrolls
 f - 2 scrolls of poison {unknown}
 i - 2 scrolls of identify {unknown}
 j - a scroll of acquirement {unknown}
 o - a scroll of summoning {unknown}
 p - a scroll of vulnerability {unknown}
Potions
 d - a potion of magic
 e - a potion of haste {unknown}
 k - a potion of resistance {unknown}


   Skills:
 + Level 1.0 Fighting
 + Level 1.0 Short Blades
 + Level 1.0 Long Blades
 + Level 1.0 Axes
 + Level 1.0 Maces & Flails
 + Level 1.0 Polearms
 + Level 1.0 Staves
 + Level 1.0 Ranged Weapons
 + Level 1.0 Throwing
 + Level 1.0 Armour
 + Level 4.6 Dodging
 + Level 4.2 Stealth
 + Level 1.0 Shields
 + Level 1.0 Unarmed Combat
 + Level 7.2 Spellcasting
 + Level 2.2 Conjurations
 + Level 0.8 Hexes
 + Level 2.2 Summonings
 + Level 0.8 Necromancy
 + Level 2.2 Translocations
 + Level 0.8 Transmutations
 + Level 0.8 Fire Magic
 + Level 0.8 Ice Magic
 + Level 0.8 Air Magic
 + Level 0.8 Earth Magic
 + Level 0.8 Poison Magic
 + Level 1.1 Invocations
 + Level 1.0 Evocations


You had 14 spell levels left.
You knew the following spells:

 Your Spells              Type           Power      Damage    Failure   Level
a - Magic Dart            Conj           40%        1d5       6%          1
b - Blink                 Tloc           20%        N/A       9%          2

Your spell library contained the following spells:

 Spells                   Type           Power      Damage    Failure   Level
 Call Imp                 Summ           10%        N/A       9%          2
 Slow                     Hex            24%        N/A       11%         1
 Conjure Flame            Conj/Fire      8%         6-21      24%         3
 Mephitic Cloud           Conj/Pois/Air  8%         N/A       26%         3


Dungeon Overview and Level Annotations

Branches:
Dungeon (3/15)

Altars:
Fedhas
Wu Jian


Innate Abilities, Weirdness & Mutations

You have very sharp teeth.
Your uncanny sense of smell can sniff out nearby items.
Your experience applies equally to all skills.


Message History

No reachable target in view!
The iguana bites the fungus!
The fungus begins to die.
A goblin comes into view. It is wielding a +0 dagger.
The iguana bites the fungus.
The fungus begins to die.
The iguana bites the fungus!
A nearby fungus withers and dies.
The goblin hits you with a +0 dagger.
The iguana bites the fungus!
The fungus begins to die.
You barely miss the goblin. You punch the goblin.
You kill the goblin!
A nearby fungus withers and dies.
The iguana bites the fungus!
The fungus begins to die.
No reachable target in view!
No reachable target in view!
The iguana bites the fungus!
A nearby fungus withers and dies.
An iguana is nearby!
You hit the fungus but do no damage.
The fungus begins to die.
You bite the fungus.
The fungus is lightly damaged.
A nearby fungus withers and dies.
The iguana attacks as you move away! The iguana closely misses you.
A nearby fungus withers and dies.
You hit the iguana but do no damage. Lightning courses through the iguana!
The iguana is heavily wounded.
The iguana bites you!
You barely miss the iguana.
The iguana is heavily wounded.
The iguana bites you but does no damage.
You hit the iguana but do no damage. You bite the iguana.
The iguana is severely wounded.
The iguana barely misses you.
You barely miss the iguana. You bite the iguana, but do no damage.
The iguana is heavily wounded.
The iguana hisses menacingly.
The iguana bites you!
You closely miss the iguana. You bite the iguana, but do no damage.
The iguana is heavily wounded.
The iguana bites you!
You die...

#. #. ∆ #.## ## #
.....# #. ..#..#
..###.# #.#..#
.......########....#
#<@l.........#
####.PPP.....#
#PPP..#)..#
....._PP..>.+
......PPP.##.#
......P.P..# .#
......###### #
......# ..


You could see an iguana.

Vanquished Creatures
  An adder (D:2)
  A worm (D:2)
  A dart slug (D:2)
  3 ball pythons
  9 endoplasms
  3 giant cockroaches
  3 goblins
  4 hobgoblins
  2 jackals (D:2)
  3 quokkas
  4 bats
  A frilled lizard (D:2)
  4 kobolds
  A rat (D:1)
40 creatures vanquished.

Vanquished Creatures (others)
  5 fungi (D:3)
5 creatures vanquished.

Grand Total: 45 creatures vanquished

Notes
Turn   | Place    | Note
-------+----------+-------------------------------------------
     0 | D:1      | jimonade the Gnoll Hedge Wizard began the quest for the
                  | Orb.
     0 | D:1      | Reached XP level 1. HP: 13/13 MP: 8/8
   215 | D:1      | Reached XP level 2. HP: 19/19 MP: 8/10
   582 | D:1      | Found a faded altar of an unknown god.
   968 | D:2      | Reached XP level 3. HP: 25/25 MP: 7/11
  1243 | D:2      | Reached skill level 1 in Invocations
  1441 | D:2      | Reached skill level 1 in Fighting
  1441 | D:2      | Reached skill level 1 in Short Blades
  1441 | D:2      | Reached skill level 1 in Long Blades
  1441 | D:2      | Reached skill level 1 in Axes
  1441 | D:2      | Reached skill level 1 in Maces & Flails
  1441 | D:2      | Reached skill level 1 in Polearms
  1441 | D:2      | Reached skill level 1 in Staves
  1441 | D:2      | Reached skill level 1 in Ranged Weapons
  1441 | D:2      | Reached skill level 1 in Throwing
  1441 | D:2      | Reached skill level 1 in Armour
  1441 | D:2      | Reached skill level 1 in Shields
  1441 | D:2      | Reached skill level 1 in Unarmed Combat
  1441 | D:2      | Reached skill level 1 in Evocations
  1643 | D:2      | Found an ornate altar of the Wu Jian Council.
  2050 | D:2      | Reached XP level 4. HP: 32/32 MP: 10/13
  2079 | D:2      | Learned a level 2 spell: Blink
  2239 | D:3      | Found a blossoming altar of Fedhas.
  2264 | D:3      | Slain by an iguana

Illustrated notes

Levels and vault maps discovered:
D:1:      dpeg_arrival_arbitrary_c, layout_rooms, basic_ecumenical_altar
D:2:      layout_loops_ring, basic_altar
D:3:      layout_basic, general_overflow_altar, fedhas_altar_3

Skill      XL: |  1  2  3 |
---------------+----------+-----
Conjurations   | 2 |  2.2
Summonings     | 2 |  2.2
Translocations | 2 |  2.2
Invocations    | 1 |  1.1
Fighting       | 1 |  1.0
Short Blades   | 1 |  1.0
Long Blades    | 1 |  1.0
Axes           | 1 |  1.0
Maces & Flails | 1 |  1.0
Polearms       | 1 |  1.0
Staves         | 1 |  1.0
Ranged Weapons | 1 |  1.0
Throwing       | 1 |  1.0
Armour         | 1 |  1.0
Shields        | 1 |  1.0
Unarmed Combat | 1 |  1.0
Evocations     | 1 |  1.0
Dodging        | |  4.6
Stealth        | |  4.2
Spellcasting   | |  7.2
Hexes          | |  0.8
Necromancy     | |  0.8
Transmutations | |  0.8
Fire Magic     | |  0.8
Ice Magic      | |  0.8
Air Magic      | |  0.8
Earth Magic    | |  0.8
Poison Magic   | |  0.8

Action                   |  1- 3 |  4- 6 || total
-------------------------+-------+-------++-------
Melee: Dagger            |     4 |       ||     4
       Short sword       |    10 |     8 ||    18
       Bite              |     2 |     4 ||     6
       Punch             |     1 |     1 ||     2
 Cast: Magic Dart        |   102 |       ||   102
 Stab: Sleeping          |       |     1 ||     1
Armor: Robe              |     7 |     1 ||     8
Dodge: Dodged            |    18 |     2 ||    20

Table legend: (Time is in decaauts)
 A = Elapsed time spent in this place.
 B = Non-inter-level travel time spent in this place.
 C = Inter-level travel time spent in this place.
 D = Time resting spent in this place.
 E = Time spent auto-exploring this place.
 F = Levels seen in this place.
 G = Mean time per level.
                   A        B        C        D        E       F      G
               +--------+--------+--------+--------+--------+-----+--------+
         Total |   2263 |   2162 |    101 |    126 |   1704 |   3 |  754.3 |
       Dungeon |   2263 |   2162 |    101 |    126 |   1704 |   3 |  754.3 |
               +--------+--------+--------+--------+--------+-----+--------+

Top non-repeatable levels by time:
     D:2: 1331 daAuts
     D:1: 906 daAuts
     D:3: 26 daAuts
